Jets vs Flyers

Created - 9 février 2022 at 19:49

Goals
1 2 3 OT1 T
Jets 0 1 1 1 3
Flyers 2 0 0 0 2
Shots
1 2 3 OT1 T
Jets 12 13 10 3 38
Flyers 16 9 2 2 29

1st period

1. Flyers , Filip Forsberg 8 (Leon Draisaitl 34, John Marino 8) at 10:14
2. Flyers , Filip Forsberg 9 (Leon Draisaitl 35, Patrick Kane 29) at 10:52 (PP)

Penalties :
Kris Letang (WIN) for Kneeing (Minor) at 10:36

2nd period

3. Jets , Artem Anisimov 8 (Victor Olofsson 22, Mark Pysyk 4) at 15:11

Penalties :
No Penalty

3rd period

4. Jets , Kyle Turris 6 (Brett Pesce 14, Zac Dalpe 1) at 13:01 (SH)

Penalties :
Wayne Simmonds (WIN) for Tripping (Minor) at 12:43, Travis Konecny (PHI) for Interference (Minor) at 18:15

Overtime #1

5. Jets , James van Riemsdyk 19 (Nathan MacKinnon 33) at 1:00

Penalties :
No Penalty

Goalie Stats

Mackenzie Blackwood (WIN), 27 saves from 29 shots - (0,931), W, 8-17-1, 61:00 minutes
Kevin Lankinen (PHI), 35 saves from 38 shots - (0,921), OTL, 9-7-6, 61:00 minutes

Players Stats for Jets

Player Name              G  A  P  +/- PIM S  H  SB GA TA FO     MP     PP MP  PK MP  
------------------------------------------------------------------------------------
Artem Anisimov           1  0  1   1  0   2  1  1  0  0  0/0    18:52   1:01   0:39 
Brett Pesce              0  1  1   1  0   2  1  1  0  1  0/0    24:20   0:37   1:43 
Daniel Sprong            0  0  0   0  0   3  2  1  0  1  0/1    12:26   0:00   0:00 
Filip Chytil             0  0  0   1  0   1  1  0  0  0  7/14   18:13   0:43   0:00 
Frederick Gaudreau       0  0  0   0  0   1  1  0  1  2  0/5    12:37   0:00   0:32 
Jake Debrusk             0  0  0   0  0   4  0  0  0  0  0/0    12:26   0:00   0:00 
James van Riemsdyk       1  0  1   0  0   6  1  1  1  0  1/1    19:12   0:43   0:18 
John Moore               0  0  0  -1  0   0  1  0  0  1  0/0    17:47   0:00   0:32 
Josh Manson              0  0  0   3  0   2  5  3  0  0  0/0    20:13   0:37   1:43 
Josh Morrissey           0  0  0  -1  0   1  0  0  0  1  0/0    18:22   1:07   0:00 
Kris Letang              0  0  0   0  2   3  3  0  1  0  0/0    22:36   1:07   0:00 
Kyle Turris              1  0  1   1  0   1  1  0  0  0  1/2    10:19   0:00   1:25 
Mark Pysyk               0  1  1   1  0   2  1  1  0  2  0/0    18:10   0:00   0:32 
Nathan MacKinnon         0  1  1   0  0   7  0  0  2  1  13/31  19:23   1:01   0:11 
Troy Terry               0  0  0  -1  0   0  1  1  0  0  1/3    17:50   0:00   0:00 
Victor Olofsson          0  1  1   1  0   2  0  1  1  0  0/2    18:31   1:01   0:00 
Wayne Simmonds           0  0  0   0  2   1  0  0  0  0  0/0     8:53   0:00   0:00 
Zac Dalpe                0  1  1   1  0   0  0  1  0  1  1/4    11:02   0:43   1:25 

Players Stats for Flyers

Player Name              G  A  P  +/- PIM S  H  SB GA TA FO     MP     PP MP  PK MP  
------------------------------------------------------------------------------------
Aaron Ekblad             0  0  0  -2  0   0  4  2  2  0  0/0    25:11   1:39   0:49 
Calle Jarnkrok           0  0  0   0  0   1  1  0  1  1  1/2    14:23   0:00   1:24 
Drew O'Connor            0  0  0  -1  0   1  2  0  1  1  0/0    10:10   0:00   0:32 
Dylan Cozens             0  0  0  -1  0   2  0  1  0  0  0/0     9:58   0:00   0:10 
Filip Forsberg           2  0  2   0  0   2  0  1  0  0  1/2    18:38   1:34   0:00 
Gabriel Vilardi          0  0  0  -1  0   4  0  0  1  1  5/7     9:38   0:00   0:00 
Jakub Vrana              0  0  0   0  0   2  2  0  1  1  0/0    17:07   0:41   0:00 
John Marino              0  1  1   0  0   2  3  3  0  0  0/0    20:22   0:36   0:49 
Justin Holl              0  0  0   0  0   0  0  1  0  1  0/0    20:52   0:00   0:18 
Justin Schultz           0  0  0   0  0   1  1  2  0  0  0/0    15:28   0:36   0:00 
Kevin Fiala              0  0  0   0  0   1  1  1  2  0  0/0    12:43   0:00   0:00 
Leon Draisaitl           0  2  2  -1  0   4  1  1  0  0  16/21  19:49   1:34   0:32 
Martin Necas             0  0  0   0  0   3  1  0  0  0  10/21  17:07   0:41   0:00 
Noah Hanifin             0  0  0  -1  0   0  2  2  0  0  0/0    23:52   1:39   1:10 
Patrick Kane             0  1  1  -1  0   3  2  0  1  0  1/1    19:17   1:34   0:00 
Patrik Nemeth            0  0  0   0  0   1  0  0  0  1  0/0    15:47   0:00   0:55 
Scott Laughton           0  0  0   0  0   0  0  0  1  0  5/9    13:55   0:00   1:02 
Travis Konecny           0  0  0   0  2   2  1  0  0  0  0/0    17:12   0:41   0:00 

3 Stars

1 - Filip Forsberg (PHI)
2 - Josh Manson (WIN)
3 - Artem Anisimov (WIN)

Power Play

Jets - 0 on 1 Attempt(s) - 0,00%
Flyers - 1 on 2 Attempt(s) - 50,00%

Penalty Kill

Jets - 1 on 2 Attempt(s) - 50,00% - Score 1 goal in Penalty Kill
Flyers - 1 on 1 Attempt(s) - 100,00% - Score 0 goal in Penalty Kill

Team Stat

Jets - Hits : 19 - Faceoff Wins : 24 - Blocked Shots : 11 - Penalty Minutes : 4
Flyers - Hits : 21 - Faceoff Wins : 39 - Blocked Shots : 14 - Penalty Minutes : 2

Official

Referees : Tim Peel and Brandon Schrader
Linesman : David Brisebois and Andrew Smith

Game Notes

No Game Note

Finance

Level 1 -- Attendance: 5472 (91,20%) -- Ticket Income 519 840 $
Level 2 -- Attendance: 5000 (100,00%) -- Ticket Income 270 000 $
Level 3 -- Attendance: 1930 (96,50%) -- Ticket Income 63 690 $
Level 4 -- Attendance: 4000 (100,00%) -- Ticket Income 88 000 $
Luxury Box -- Attendance: 1000 (100,00%) -- Ticket Income 165 000 $
Game was played at the Spectrum.
Total Attendance: 17402 (96,68%)
Total Ticket Income: 1 106 530 $
Other Income: 542 200 $
Total Income: 1 648 730 $

Jets

5 vs 5 Forward 
   Center                   Left Wing                Right Wing               Time % Phy DF OF 
 1 Nathan MacKinnon         James van Riemsdyk       Troy Terry               34     1   1  3  
 2 Filip Chytil             Artem Anisimov           Victor Olofsson          33     0   1  4  
 3 Frederick Gaudreau       Jake Debrusk             Daniel Sprong            23     1   3  1  
 4 Kyle Turris              Wayne Simmonds           Zac Dalpe                10     1   4  0  

5 vs 5 Defense 
   Defense                  Defense                                           Time % Phy DF OF 
 1 Mark Pysyk               Josh Manson                                       32     1   2  2  
 2 Kris Letang              Brett Pesce                                       32     1   2  2  
 3 Josh Morrissey           John Moore                                        30     1   2  2  
 4 Kris Letang              Brett Pesce                                       6      1   2  2  

PowerPlay Forward 
   Center                   Left Wing                Right Wing               Time % Phy DF OF 
 1 Nathan MacKinnon         Artem Anisimov           Victor Olofsson          60     0   0  5  
 2 Filip Chytil             James van Riemsdyk       Zac Dalpe                40     0   0  5  

PowerPlay Defense
   Defense                  Defense                                           Time % Phy DF OF 
 1 Josh Morrissey           Kris Letang                                       60     0   0  5  
 2 Josh Manson              Brett Pesce                                       40     0   0  5  

Penalty Kill 4 Players Forward 
   Center                   Wing                     Time % Phy DF OF 
 1 Zac Dalpe                Kyle Turris              60     1   4  0  
 2 Frederick Gaudreau       Wayne Simmonds           40     1   4  0  

Penalty Kill 4 Players Defense
   Defense                  Defense                  Time % Phy DF OF 
 1 Brett Pesce              Josh Manson              60     0   5  0  
 2 Mark Pysyk               John Moore               40     0   5  0  

Penalty Kill - 3 Players Forward 
   Forward                                           Time % Phy DF OF 
 1 Kyle Turris                                       60     0   5  0  
 2 Frederick Gaudreau                                40     0   5  0  

Penalty Kill - 3 Players Defense
   Defense                  Defense                  Time % Phy DF OF 
 1 Brett Pesce              Kris Letang              60     0   5  0  
 2 Josh Manson              John Moore               40     0   5  0  

4 vs 4 Forward 
   Center                   Wing                     Time % Phy DF OF 
 1 Nathan MacKinnon         James van Riemsdyk       60     1   2  2  
 2 Frederick Gaudreau       Zac Dalpe                40     1   2  2  

4 vs 4 Defense
   Defense                  Defense                  Time % Phy DF OF 
 1 Josh Morrissey           John Moore               60     1   2  2  
 2 Mark Pysyk               Brett Pesce              40     1   2  2  

Last Minutes Offensive
   Center                   Left Wing                Right Wing               Defense                  Defense                  
   Nathan MacKinnon         James van Riemsdyk       Victor Olofsson          Josh Morrissey           Kris Letang              

Last Minutes Defensive
   Center                   Left Wing                Right Wing               Defense                  Defense                  
   Frederick Gaudreau       Zac Dalpe                Kyle Turris              Josh Manson              Brett Pesce              

Goaltenders
Starting : Mackenzie Blackwood      
Backup : Jonathan Bernier         

Extra Forwards
Normal : Nathan MacKinnon, Filip Chytil, Frederick Gaudreau - PP : Frederick Gaudreau, Filip Chytil - PK : Frederick Gaudreau
Extra Defensemen
Normal : Kris Letang, Mark Pysyk, Brett Pesce - PP : Brett Pesce - PK : Kris Letang, Josh Morrissey
Penalty Shots
Wayne Simmonds, Kyle Turris, Nathan MacKinnon, James van Riemsdyk, Troy Terry
Custom OT Lines Forwards
Nathan MacKinnon, James van Riemsdyk, Jake Debrusk, Daniel Sprong, Filip Chytil, Artem Anisimov, Victor Olofsson, Troy Terry, Frederick Gaudreau, Zac Dalpe
Custom OT Lines Defensemen
Brett Pesce, Josh Manson, Josh Morrissey, Kris Letang, Mark Pysyk

Scratches
Nate Prosser (Healthy), William Carrier (Healthy), Brett Ritchie (Healthy)

Flyers

5 vs 5 Forward 
   Center                   Left Wing                Right Wing               Time % Phy DF OF 
 1 Leon Draisaitl           Patrick Kane             Filip Forsberg           34     0   3  2  
 2 Martin Necas             Jakub Vrana              Travis Konecny           33     0   3  2  
 3 Scott Laughton           Kevin Fiala              Calle Jarnkrok           23     0   3  2  
 4 Gabriel Vilardi          Drew O'Connor            Dylan Cozens             10     0   3  2  

5 vs 5 Defense 
   Defense                  Defense                                           Time % Phy DF OF 
 1 Aaron Ekblad             Noah Hanifin                                      40     0   4  1  
 2 John Marino              Justin Holl                                       35     0   4  1  
 3 Patrik Nemeth            Justin Schultz                                    25     0   5  0  
 4 Justin Holl              Aaron Ekblad                                      0      0   5  0  

PowerPlay Forward 
   Center                   Left Wing                Right Wing               Time % Phy DF OF 
 1 Leon Draisaitl           Patrick Kane             Filip Forsberg           60     0   0  5  
 2 Martin Necas             Jakub Vrana              Travis Konecny           40     0   0  5  

PowerPlay Defense
   Defense                  Defense                                           Time % Phy DF OF 
 1 Aaron Ekblad             Noah Hanifin                                      60     0   1  4  
 2 Justin Schultz           John Marino                                       40     0   1  4  

Penalty Kill 4 Players Forward 
   Center                   Wing                     Time % Phy DF OF 
 1 Scott Laughton           Calle Jarnkrok           60     1   4  0  
 2 Drew O'Connor            Justin Holl              40     1   4  0  

Penalty Kill 4 Players Defense
   Defense                  Defense                  Time % Phy DF OF 
 1 Noah Hanifin             Patrik Nemeth            60     1   4  0  
 2 John Marino              Aaron Ekblad             40     1   4  0  

Penalty Kill - 3 Players Forward 
   Forward                                           Time % Phy DF OF 
 1 Calle Jarnkrok                                    60     1   4  0  
 2 Scott Laughton                                    40     1   4  0  

Penalty Kill - 3 Players Defense
   Defense                  Defense                  Time % Phy DF OF 
 1 Noah Hanifin             Justin Holl              60     1   4  0  
 2 Patrik Nemeth            John Marino              40     1   4  0  

4 vs 4 Forward 
   Center                   Wing                     Time % Phy DF OF 
 1 Leon Draisaitl           Patrick Kane             60     0   2  3  
 2 Scott Laughton           Martin Necas             40     0   4  1  

4 vs 4 Defense
   Defense                  Defense                  Time % Phy DF OF 
 1 Aaron Ekblad             John Marino              60     0   4  1  
 2 Patrik Nemeth            Noah Hanifin             40     0   4  1  

Last Minutes Offensive
   Center                   Left Wing                Right Wing               Defense                  Defense                  
   Leon Draisaitl           Patrick Kane             Martin Necas             Aaron Ekblad             John Marino              

Last Minutes Defensive
   Center                   Left Wing                Right Wing               Defense                  Defense                  
   Scott Laughton           Justin Holl              Calle Jarnkrok           Aaron Ekblad             John Marino              

Goaltenders
Starting : Kevin Lankinen           
Backup : Ilya Samsonov            

Extra Forwards
Normal : Filip Forsberg, Calle Jarnkrok, Scott Laughton - PP : Filip Forsberg, Calle Jarnkrok - PK : Drew O'Connor
Extra Defensemen
Normal : Patrik Nemeth, Noah Hanifin, Justin Holl - PP : Justin Holl - PK : Aaron Ekblad, Noah Hanifin
Penalty Shots
Leon Draisaitl, Patrick Kane, Jakub Vrana, Travis Konecny, Calle Jarnkrok
Custom OT Lines Forwards
Leon Draisaitl, Patrick Kane, Kevin Fiala, Filip Forsberg, Justin Holl, Martin Necas, Calle Jarnkrok, Travis Konecny, Jakub Vrana, Scott Laughton
Custom OT Lines Defensemen
Aaron Ekblad, John Marino, Justin Holl, Patrik Nemeth, Noah Hanifin

Scratches
Rasmus Ristolainen (Left Wrist Injury), Wade Allison (Right Forearm Injury)

% Time on Ice - Jets

Lines # - Real PCT - Wanted PCT - Time Play
Normal Forward
1 - 32% - 34% - 17:50
2 - 31% - 33% - 17:30
3 - 21% - 23% - 11:47
4 - 16% - 10% - 8:54
Normal Defense
1 - 32% - 32% - 17:45
2 - 32% - 32% - 17:54
3 - 30% - 30% - 16:46
4 - 6% - 6% - 3:36
PP Forward
1 - 59% - 60% - 1:01
2 - 41% - 40% - 0:43
PP Defense
1 - 64% - 60% - 1:07
2 - 36% - 40% - 0:37
PK Forward
1 - 85% - 60% - 1:55
2 - 15% - 40% - 0:20
PK Defense
1 - 76% - 60% - 1:43
2 - 24% - 40% - 0:32
PK3 Forward
1 - 0% - 60%
2 - 0% - 40%
PK3 Defense
1 - 0% - 60%
2 - 0% - 40%
44 Forward
1 - 100% - 60% - 0:15
2 - 0% - 40% - 0:00
44 Defense
1 - 100% - 60% - 0:15
2 - 0% - 40% - 0:00
Last Minute Offensive  - 0:00
Last Minute Defensive  - 0:00
Total
Forward - 60:15
Defense - 60:15

% Time on Ice - Flyers

Lines # - Real PCT - Wanted PCT - Time Play
Normal Forward
1 - 30% - 34% - 17:04
2 - 30% - 33% - 16:36
3 - 23% - 23% - 12:43
4 - 17% - 10% - 9:38
Normal Defense
1 - 37% - 40% - 20:49
2 - 34% - 35% - 18:57
3 - 27% - 25% - 14:52
4 - 2% - 0% - 1:23
PP Forward
1 - 70% - 60% - 1:34
2 - 30% - 40% - 0:41
PP Defense
1 - 73% - 60% - 1:39
2 - 27% - 40% - 0:36
PK Forward
1 - 97% - 60% - 1:41
2 - 3% - 40% - 0:03
PK Defense
1 - 53% - 60% - 0:55
2 - 47% - 40% - 0:49
PK3 Forward
1 - 100% - 60% - 0:15
2 - 0% - 40% - 0:00
PK3 Defense
1 - 100% - 60% - 0:15
2 - 0% - 40% - 0:00
44 Forward
1 - 0% - 60%
2 - 0% - 40%
44 Defense
1 - 0% - 60%
2 - 0% - 40%
Last Minute Offensive  - 0:00
Last Minute Defensive  - 0:00
Total
Forward - 60:15
Defense - 60:15

Play-by-Play

1st period


0:01 of 1st period - Nathan MacKinnon wins face-off versus Leon Draisaitl in neutral zone.
1:38 of 1st period - Snap shot by Nathan MacKinnon.
1:38 of 1st period - Stopped by Kevin Lankinen with a rebound.
2:18 of 1st period - Zac Dalpe is hit by Aaron Ekblad and loses puck.
2:37 of 1st period - Snap shot by Gabriel Vilardi.
2:37 of 1st period - Stopped by Mackenzie Blackwood with a rebound.
3:36 of 1st period - John Marino is hit by Josh Manson and loses puck.
3:40 of 1st period - Icing by Justin Holl.
3:41 of 1st period - Gabriel Vilardi wins face-off versus Frederick Gaudreau in Flyers zone.
3:41 of 1st period - Gabriel Vilardi is hit by Frederick Gaudreau.
3:51 of 1st period - Wrist shot by Dylan Cozens.
3:51 of 1st period - Shot Misses the Net.
3:57 of 1st period - Gabriel Vilardi is hit by Kris Letang and loses puck.
4:47 of 1st period - Slapshot by Daniel Sprong.
4:47 of 1st period - Stopped by Kevin Lankinen with a rebound.
4:49 of 1st period - Snap shot by Frederick Gaudreau.
4:49 of 1st period - Stopped by Kevin Lankinen with a rebound.
4:51 of 1st period - Slapshot by Brett Pesce.
4:51 of 1st period - Shot Misses the Net.
4:53 of 1st period - Wrist shot by Kris Letang.
4:53 of 1st period - Shot Blocked by Dylan Cozens.
5:03 of 1st period - Snap shot by Jake Debrusk.
5:03 of 1st period - Stopped by Kevin Lankinen without a rebound.
5:04 of 1st period - Filip Chytil wins face-off versus Leon Draisaitl in Flyers zone.
5:09 of 1st period - Slapshot by Filip Chytil.
5:09 of 1st period - Stopped by Kevin Lankinen with a rebound.
5:17 of 1st period - Snap shot by Filip Forsberg.
5:17 of 1st period - Shot Misses the Net.
5:19 of 1st period - Wrist shot by Patrik Nemeth.
5:19 of 1st period - Stopped by Mackenzie Blackwood with a rebound.
5:52 of 1st period - Snap shot by Wayne Simmonds.
5:52 of 1st period - Shot Misses the Net.
5:58 of 1st period - Wrist shot by Wayne Simmonds.
5:58 of 1st period - Shot Blocked by Noah Hanifin.
6:00 of 1st period - Slapshot by Josh Manson.
6:00 of 1st period - Stopped by Kevin Lankinen with a rebound.
6:24 of 1st period - Snap shot by Jakub Vrana.
6:24 of 1st period - Stopped by Mackenzie Blackwood with a rebound.
6:56 of 1st period - Wrist shot by Filip Chytil.
6:56 of 1st period - Shot Misses the Net.
6:58 of 1st period - Slapshot by Josh Morrissey.
6:58 of 1st period - Deflect By Victor Olofsson.
6:58 of 1st period - Stopped by Kevin Lankinen without a rebound.
6:59 of 1st period - Filip Forsberg wins face-off versus Filip Chytil in Flyers zone.
7:24 of 1st period - Justin Holl is hit by Kris Letang and loses puck.
8:11 of 1st period - Snap shot by Leon Draisaitl.
8:11 of 1st period - Shot Blocked by Zac Dalpe.
8:27 of 1st period - John Moore is hit by Martin Necas and loses puck.
8:48 of 1st period - Wrist shot by Gabriel Vilardi.
8:48 of 1st period - Stopped by Mackenzie Blackwood without a rebound.
8:49 of 1st period - Gabriel Vilardi wins face-off versus Nathan MacKinnon in Jets zone.
9:19 of 1st period - Leon Draisaitl is hit by Filip Chytil and loses puck.
9:25 of 1st period - Icing by Patrick Kane.
9:26 of 1st period - Leon Draisaitl wins face-off versus Nathan MacKinnon in Flyers zone.
9:40 of 1st period - Josh Morrissey is hit by John Marino and loses puck.
10:06 of 1st period - Wrist shot by Leon Draisaitl.
10:06 of 1st period - Stopped by Mackenzie Blackwood with a rebound.
10:08 of 1st period - Snap shot by Patrick Kane.
10:08 of 1st period - Stopped by Mackenzie Blackwood with a rebound.
10:10 of 1st period - Slapshot by John Marino.
10:10 of 1st period - Stopped by Mackenzie Blackwood with a rebound.
10:12 of 1st period - Slapshot by Leon Draisaitl.
10:12 of 1st period - Shot Misses the Net.
10:14 of 1st period - Wrist shot by Filip Forsberg.
10:14 of 1st period - Goal by Filip Forsberg - Jets : 0 - Flyers : 1.
10:15 of 1st period - Filip Chytil wins face-off versus Martin Necas in neutral zone.
10:18 of 1st period - Snap shot by Filip Chytil.
10:18 of 1st period - Shot Misses the Net.
10:30 of 1st period - Snap shot by Martin Necas.
10:30 of 1st period - Stopped by Mackenzie Blackwood with a rebound.
10:36 of 1st period - Minor Penalty to Kris Letang for Kneeing.
10:37 of 1st period - Leon Draisaitl wins face-off versus Zac Dalpe in Jets zone.
10:52 of 1st period - Snap shot by Leon Draisaitl.
10:52 of 1st period - Deflect By Filip Forsberg.
10:52 of 1st period - Goal by Filip Forsberg - Jets : 0 - Flyers : 2.
10:53 of 1st period - Filip Chytil wins face-off versus Martin Necas in neutral zone.
11:04 of 1st period - Snap shot by Travis Konecny.
11:04 of 1st period - Shot Blocked by Victor Olofsson.
11:31 of 1st period - Wrist shot by Kevin Fiala.
11:31 of 1st period - Stopped by Mackenzie Blackwood with a rebound.
11:43 of 1st period - Filip Forsberg is hit by Daniel Sprong and loses puck.
11:52 of 1st period - Wrist shot by Filip Forsberg.
11:52 of 1st period - Shot Blocked by Josh Manson.
12:12 of 1st period - Snap shot by Dylan Cozens.
12:12 of 1st period - Shot Blocked by Artem Anisimov.
12:14 of 1st period - Snap shot by Justin Schultz.
12:14 of 1st period - Stopped by Mackenzie Blackwood without a rebound.
12:15 of 1st period - Martin Necas wins face-off versus Nathan MacKinnon in Jets zone.
12:24 of 1st period - Snap shot by James van Riemsdyk.
12:24 of 1st period - Stopped by Kevin Lankinen with a rebound.
12:37 of 1st period - Icing by Martin Necas.
12:38 of 1st period - Filip Chytil wins face-off versus Martin Necas in Flyers zone.
12:45 of 1st period - Wrist shot by Artem Anisimov.
12:45 of 1st period - Shot Misses the Net.
13:27 of 1st period - Patrik Nemeth is hit by Daniel Sprong and loses puck.
14:09 of 1st period - Slapshot by Artem Anisimov.
14:09 of 1st period - Shot Blocked by Justin Schultz.
14:19 of 1st period - Snap shot by Dylan Cozens.
14:19 of 1st period - Deflect By Drew O'Connor.
14:19 of 1st period - Shot Misses the Net.
14:19 of 1st period - Puck is out of play.
14:20 of 1st period - Nathan MacKinnon wins face-off versus Gabriel Vilardi in Jets zone.
14:33 of 1st period - Slapshot by Aaron Ekblad.
14:33 of 1st period - Shot Blocked by Troy Terry.
14:35 of 1st period - Wrist shot by Drew O'Connor.
14:35 of 1st period - Stopped by Mackenzie Blackwood with a rebound.
15:10 of 1st period - Wrist shot by Daniel Sprong.
15:10 of 1st period - Shot Blocked by John Marino.
15:12 of 1st period - Slapshot by Brett Pesce.
15:12 of 1st period - Stopped by Kevin Lankinen with a rebound.
15:17 of 1st period - Icing by Justin Holl.
15:18 of 1st period - Leon Draisaitl wins face-off versus Victor Olofsson in Flyers zone.
15:20 of 1st period - Icing by Filip Forsberg.
15:21 of 1st period - Leon Draisaitl wins face-off versus Filip Chytil in Flyers zone.
16:42 of 1st period - Slapshot by Travis Konecny.
16:42 of 1st period - Shot Misses the Net.
16:59 of 1st period - Icing by John Marino.
17:00 of 1st period - Kyle Turris wins face-off versus Gabriel Vilardi in Flyers zone.
17:19 of 1st period - Drew O'Connor is hit by Kyle Turris and loses puck.
17:30 of 1st period - Brett Pesce is hit by Drew O'Connor.
17:46 of 1st period - Off-side.
17:47 of 1st period - Troy Terry wins face-off versus Martin Necas in neutral zone.
17:54 of 1st period - Snap shot by Nathan MacKinnon.
17:54 of 1st period - Stopped by Kevin Lankinen with a rebound.
17:56 of 1st period - Slapshot by Josh Manson.
17:56 of 1st period - Shot Misses the Net.
18:12 of 1st period - Aaron Ekblad is hit by Josh Manson.
18:59 of 1st period - Off-side.
19:00 of 1st period - Nathan MacKinnon wins face-off versus Calle Jarnkrok in neutral zone.
19:03 of 1st period - Wrist shot by Nathan MacKinnon.
19:03 of 1st period - Stopped by Kevin Lankinen without a rebound.
19:04 of 1st period - Nathan MacKinnon wins face-off versus Scott Laughton in Flyers zone.
19:15 of 1st period - Snap shot by Kevin Fiala.
19:15 of 1st period - Shot Blocked by Josh Manson.
19:17 of 1st period - Snap shot by Kevin Fiala.
19:17 of 1st period - Shot Blocked by Josh Manson.
19:19 of 1st period - Slapshot by Scott Laughton.
19:19 of 1st period - Shot Blocked by Mark Pysyk.
19:31 of 1st period - Slapshot by Jakub Vrana.
19:31 of 1st period - Stopped by Mackenzie Blackwood without a rebound.
19:32 of 1st period - Martin Necas wins face-off versus Filip Chytil in Jets zone.
19:35 of 1st period - Wrist shot by Travis Konecny.
19:35 of 1st period - Deflect By Jakub Vrana.
19:35 of 1st period - Shot Misses the Net.
19:35 of 1st period - Puck is out of play.
19:36 of 1st period - Martin Necas wins face-off versus Troy Terry in Jets zone.
19:45 of 1st period - Slapshot by Martin Necas.
19:45 of 1st period - Stopped by Mackenzie Blackwood without a rebound.
19:46 of 1st period - Martin Necas wins face-off versus Nathan MacKinnon in Jets zone.
19:47 of 1st period - Slapshot by Travis Konecny.
19:47 of 1st period - Stopped by Mackenzie Blackwood with a rebound.
19:53 of 1st period - Snap shot by James van Riemsdyk.
19:53 of 1st period - Deflect By Nathan MacKinnon.
19:53 of 1st period - Stopped by Kevin Lankinen with a rebound.
Goals for this period are 0 for Jets vs 2 for Flyers.
Shots for this period are 12 for Jets vs 16 for Flyers.

2nd period


0:01 of 2nd period - Patrick Kane wins face-off versus Filip Chytil in neutral zone.
0:09 of 2nd period - Off-side.
0:10 of 2nd period - Leon Draisaitl wins face-off versus Filip Chytil in neutral zone.
0:56 of 2nd period - Kris Letang is hit by Aaron Ekblad and loses puck.
1:05 of 2nd period - Wrist shot by Artem Anisimov.
1:05 of 2nd period - Shot Misses the Net.
1:07 of 2nd period - Snap shot by Victor Olofsson.
1:07 of 2nd period - Shot Blocked by Filip Forsberg.
1:11 of 2nd period - Slapshot by Victor Olofsson.
1:11 of 2nd period - Shot Hit the Post.
1:13 of 2nd period - Snap shot by Brett Pesce.
1:13 of 2nd period - Stopped by Kevin Lankinen without a rebound.
1:14 of 2nd period - Nathan MacKinnon wins face-off versus Scott Laughton in Flyers zone.
1:41 of 2nd period - Josh Manson is hit by Jakub Vrana and loses puck.
2:33 of 2nd period - Jakub Vrana is hit by Mark Pysyk and loses puck.
3:46 of 2nd period - Wrist shot by Wayne Simmonds.
3:46 of 2nd period - Shot Misses the Net.
3:48 of 2nd period - Slapshot by Josh Morrissey.
3:48 of 2nd period - Stopped by Kevin Lankinen with a rebound.
4:56 of 2nd period - Josh Morrissey is hit by Noah Hanifin and loses puck.
5:15 of 2nd period - Wrist shot by Travis Konecny.
5:15 of 2nd period - Stopped by Mackenzie Blackwood without a rebound.
5:16 of 2nd period - Martin Necas wins face-off versus Victor Olofsson in Jets zone.
5:58 of 2nd period - Wrist shot by Daniel Sprong.
5:58 of 2nd period - Deflect By Frederick Gaudreau.
5:58 of 2nd period - Shot Misses the Net.
5:58 of 2nd period - Puck is out of play.
5:59 of 2nd period - Gabriel Vilardi wins face-off versus Frederick Gaudreau in Flyers zone.
7:24 of 2nd period - Off-side.
7:25 of 2nd period - Leon Draisaitl wins face-off versus Frederick Gaudreau in neutral zone.
7:32 of 2nd period - Snap shot by Patrick Kane.
7:32 of 2nd period - Stopped by Mackenzie Blackwood without a rebound.
7:33 of 2nd period - Leon Draisaitl wins face-off versus Frederick Gaudreau in Jets zone.
7:34 of 2nd period - Snap shot by Patrick Kane.
7:34 of 2nd period - Stopped by Mackenzie Blackwood with a rebound.
7:36 of 2nd period - Slapshot by Patrick Kane.
7:36 of 2nd period - Shot Misses the Net.
7:38 of 2nd period - Wrist shot by Filip Forsberg.
7:38 of 2nd period - Shot Blocked by Daniel Sprong.
7:40 of 2nd period - Snap shot by Leon Draisaitl.
7:40 of 2nd period - Shot Misses the Net.
8:10 of 2nd period - Snap shot by Patrick Kane.
8:10 of 2nd period - Deflect By Filip Forsberg.
8:10 of 2nd period - Shot Blocked by Brett Pesce.
8:10 of 2nd period - Puck is out of play.
8:11 of 2nd period - Martin Necas wins face-off versus Nathan MacKinnon in Jets zone.
8:14 of 2nd period - Slapshot by Jakub Vrana.
8:14 of 2nd period - Shot Misses the Net.
8:24 of 2nd period - Travis Konecny is hit by Josh Manson.
8:47 of 2nd period - Wrist shot by Victor Olofsson.
8:47 of 2nd period - Deflect By Artem Anisimov.
8:47 of 2nd period - Stopped by Kevin Lankinen with a rebound.
8:49 of 2nd period - Snap shot by Filip Chytil.
8:49 of 2nd period - Shot Misses the Net.
9:31 of 2nd period - Slapshot by Aaron Ekblad.
9:31 of 2nd period - Shot Misses the Net.
9:35 of 2nd period - Slapshot by Gabriel Vilardi.
9:35 of 2nd period - Stopped by Mackenzie Blackwood without a rebound.
9:36 of 2nd period - Filip Chytil wins face-off versus Martin Necas in Jets zone.
9:45 of 2nd period - Justin Holl is hit by Kris Letang and loses puck.
10:02 of 2nd period - Troy Terry is hit by John Marino and loses puck.
10:44 of 2nd period - Jakub Vrana is hit by John Moore and loses puck.
10:51 of 2nd period - Snap shot by Wayne Simmonds.
10:51 of 2nd period - Shot Blocked by John Marino.
10:53 of 2nd period - Snap shot by Kyle Turris.
10:53 of 2nd period - Shot Misses the Net.
10:55 of 2nd period - Slapshot by Mark Pysyk.
10:55 of 2nd period - Deflect By Wayne Simmonds.
10:55 of 2nd period - Shot Blocked by John Marino.
10:55 of 2nd period - Puck is out of play.
10:56 of 2nd period - Leon Draisaitl wins face-off versus Filip Chytil in Flyers zone.
11:47 of 2nd period - Backhand shot by Daniel Sprong.
11:47 of 2nd period - Shot Misses the Net.
12:34 of 2nd period - Snap shot by Victor Olofsson.
12:34 of 2nd period - Shot Misses the Net.
13:30 of 2nd period - Brett Pesce is hit by John Marino and loses puck.
13:39 of 2nd period - Snap shot by Wayne Simmonds.
13:39 of 2nd period - Shot Blocked by Justin Holl.
14:06 of 2nd period - Mark Pysyk is hit by Noah Hanifin.
14:10 of 2nd period - Victor Olofsson is hit by Drew O'Connor and loses puck.
14:21 of 2nd period - Snap shot by Dylan Cozens.
14:21 of 2nd period - Deflect By Artem Anisimov.
14:21 of 2nd period - Stopped by Mackenzie Blackwood with a rebound.
14:23 of 2nd period - Wrist shot by Justin Schultz.
14:23 of 2nd period - Shot Misses the Net.
14:25 of 2nd period - Slapshot by John Marino.
14:25 of 2nd period - Stopped by Mackenzie Blackwood with a rebound.
14:27 of 2nd period - Slapshot by Gabriel Vilardi.
14:27 of 2nd period - Shot Misses the Net.
14:29 of 2nd period - Slapshot by Gabriel Vilardi.
14:29 of 2nd period - Stopped by Mackenzie Blackwood with a rebound.
14:39 of 2nd period - Drew O'Connor is hit by Artem Anisimov and loses puck.
14:46 of 2nd period - Mark Pysyk is hit by Aaron Ekblad and loses puck.
14:55 of 2nd period - Wrist shot by Dylan Cozens.
14:55 of 2nd period - Stopped by Mackenzie Blackwood with a rebound.
15:11 of 2nd period - Slapshot by Artem Anisimov.
15:11 of 2nd period - Goal by Artem Anisimov - Jets : 1 - Flyers : 2.
15:12 of 2nd period - Nathan MacKinnon wins face-off versus Martin Necas in neutral zone.
15:37 of 2nd period - Frederick Gaudreau is hit by Patrick Kane and loses puck.
15:58 of 2nd period - Slapshot by Kris Letang.
15:58 of 2nd period - Stopped by Kevin Lankinen with a rebound.
16:00 of 2nd period - Snap shot by Zac Dalpe.
16:00 of 2nd period - Shot Misses the Net.
16:06 of 2nd period - Slapshot by Kris Letang.
16:06 of 2nd period - Stopped by Kevin Lankinen with a rebound.
16:08 of 2nd period - Slapshot by Kris Letang.
16:08 of 2nd period - Deflect By Wayne Simmonds.
16:08 of 2nd period - Shot Misses the Net.
16:08 of 2nd period - Puck is out of play.
16:09 of 2nd period - Nathan MacKinnon wins face-off versus Martin Necas in Flyers zone.
16:22 of 2nd period - Snap shot by Jakub Vrana.
16:22 of 2nd period - Shot Misses the Net.
16:24 of 2nd period - Slapshot by Noah Hanifin.
16:24 of 2nd period - Shot Blocked by James van Riemsdyk.
16:42 of 2nd period - Wrist shot by Jake Debrusk.
16:42 of 2nd period - Stopped by Kevin Lankinen without a rebound.
16:43 of 2nd period - Martin Necas wins face-off versus Filip Chytil in Flyers zone.
16:43 of 2nd period - Martin Necas is hit by Josh Manson.
16:55 of 2nd period - Snap shot by Victor Olofsson.
16:55 of 2nd period - Stopped by Kevin Lankinen without a rebound.
16:56 of 2nd period - Nathan MacKinnon wins face-off versus Martin Necas in Flyers zone.
16:57 of 2nd period - Wrist shot by Troy Terry.
16:57 of 2nd period - Shot Misses the Net.
16:59 of 2nd period - Slapshot by Nathan MacKinnon.
16:59 of 2nd period - Deflect By James van Riemsdyk.
16:59 of 2nd period - Shot Blocked by Aaron Ekblad.
16:59 of 2nd period - Puck is out of play.
17:00 of 2nd period - James van Riemsdyk wins face-off versus Martin Necas in Flyers zone.
17:03 of 2nd period - Snap shot by James van Riemsdyk.
17:03 of 2nd period - Deflect By Nathan MacKinnon.
17:03 of 2nd period - Shot Misses the Net.
17:03 of 2nd period - Puck is out of play.
17:04 of 2nd period - Martin Necas wins face-off versus Nathan MacKinnon in Flyers zone.
17:11 of 2nd period - Snap shot by James van Riemsdyk.
17:11 of 2nd period - Stopped by Kevin Lankinen without a rebound.
17:12 of 2nd period - Leon Draisaitl wins face-off versus Nathan MacKinnon in Flyers zone.
17:17 of 2nd period - Troy Terry is hit by Patrick Kane and loses puck.
18:01 of 2nd period - Wrist shot by Daniel Sprong.
18:01 of 2nd period - Stopped by Kevin Lankinen with a rebound.
18:03 of 2nd period - Slapshot by Mark Pysyk.
18:03 of 2nd period - Stopped by Kevin Lankinen with a rebound.
18:05 of 2nd period - Slapshot by Mark Pysyk.
18:05 of 2nd period - Shot Misses the Net.
18:07 of 2nd period - Backhand shot by Mark Pysyk.
18:07 of 2nd period - Stopped by Kevin Lankinen without a rebound.
18:08 of 2nd period - Leon Draisaitl wins face-off versus Nathan MacKinnon in Flyers zone.
18:23 of 2nd period - Snap shot by Leon Draisaitl.
18:23 of 2nd period - Stopped by Mackenzie Blackwood with a rebound.
18:45 of 2nd period - Artem Anisimov is hit by Jakub Vrana.
19:02 of 2nd period - Wrist shot by Frederick Gaudreau.
19:02 of 2nd period - Shot Blocked by Kevin Fiala.
19:04 of 2nd period - Wrist shot by Josh Manson.
19:04 of 2nd period - Stopped by Kevin Lankinen with a rebound.
19:06 of 2nd period - Snap shot by Mark Pysyk.
19:06 of 2nd period - Shot Misses the Net.
Goals for this period are 1 for Jets vs 0 for Flyers.
Shots for this period are 13 for Jets vs 9 for Flyers.

3rd period


0:01 of 3rd period - Martin Necas wins face-off versus Troy Terry in neutral zone.
1:06 of 3rd period - Icing by Calle Jarnkrok.
1:07 of 3rd period - Gabriel Vilardi wins face-off versus Kyle Turris in Flyers zone.
1:52 of 3rd period - Icing by Justin Holl.
1:53 of 3rd period - Martin Necas wins face-off versus Nathan MacKinnon in Flyers zone.
2:57 of 3rd period - Icing by Josh Manson.
2:58 of 3rd period - Scott Laughton wins face-off versus Nathan MacKinnon in Jets zone.
3:25 of 3rd period - Artem Anisimov is hit by Justin Schultz and loses puck.
4:29 of 3rd period - Off-side.
4:30 of 3rd period - Scott Laughton wins face-off versus Nathan MacKinnon in neutral zone.
4:37 of 3rd period - Snap shot by Calle Jarnkrok.
4:37 of 3rd period - Shot Misses the Net.
5:25 of 3rd period - Snap shot by Travis Konecny.
5:25 of 3rd period - Shot Misses the Net.
5:35 of 3rd period - Snap shot by Wayne Simmonds.
5:35 of 3rd period - Stopped by Kevin Lankinen without a rebound.
5:36 of 3rd period - Gabriel Vilardi wins face-off versus Nathan MacKinnon in Flyers zone.
5:40 of 3rd period - Off-side.
5:41 of 3rd period - Leon Draisaitl wins face-off versus Nathan MacKinnon in neutral zone.
5:57 of 3rd period - Snap shot by Nathan MacKinnon.
5:57 of 3rd period - Stopped by Kevin Lankinen with a rebound.
5:59 of 3rd period - Snap shot by Troy Terry.
5:59 of 3rd period - Shot Misses the Net.
6:01 of 3rd period - Snap shot by Troy Terry.
6:01 of 3rd period - Deflect By James van Riemsdyk.
6:01 of 3rd period - Stopped by Kevin Lankinen without a rebound.
6:02 of 3rd period - Filip Chytil wins face-off versus Martin Necas in Flyers zone.
6:39 of 3rd period - Snap shot by Filip Chytil.
6:39 of 3rd period - Shot Misses the Net.
6:49 of 3rd period - Snap shot by Travis Konecny.
6:49 of 3rd period - Deflect By Martin Necas.
6:49 of 3rd period - Stopped by Mackenzie Blackwood without a rebound.
6:50 of 3rd period - Leon Draisaitl wins face-off versus Nathan MacKinnon in Jets zone.
7:24 of 3rd period - Snap shot by Daniel Sprong.
7:24 of 3rd period - Stopped by Kevin Lankinen without a rebound.
7:25 of 3rd period - Scott Laughton wins face-off versus Frederick Gaudreau in Flyers zone.
7:38 of 3rd period - Snap shot by Daniel Sprong.
7:38 of 3rd period - Shot Misses the Net.
8:01 of 3rd period - Wrist shot by Nathan MacKinnon.
8:01 of 3rd period - Stopped by Kevin Lankinen with a rebound.
8:18 of 3rd period - Slapshot by Kris Letang.
8:18 of 3rd period - Shot Misses the Net.
8:20 of 3rd period - Slapshot by Kris Letang.
8:20 of 3rd period - Shot Blocked by Leon Draisaitl.
8:22 of 3rd period - Slapshot by Kris Letang.
8:22 of 3rd period - Deflect By Wayne Simmonds.
8:22 of 3rd period - Shot Blocked by Noah Hanifin.
8:22 of 3rd period - Puck is out of play.
8:23 of 3rd period - Nathan MacKinnon wins face-off versus Martin Necas in Flyers zone.
8:50 of 3rd period - Filip Chytil is hit by Calle Jarnkrok.
8:51 of 3rd period - Icing by Filip Chytil.
8:52 of 3rd period - Filip Chytil wins face-off versus Scott Laughton in Jets zone.
9:51 of 3rd period - Wrist shot by Nathan MacKinnon.
9:51 of 3rd period - Stopped by Kevin Lankinen with a rebound.
10:42 of 3rd period - Off-side.
10:43 of 3rd period - Nathan MacKinnon wins face-off versus Leon Draisaitl in neutral zone.
10:53 of 3rd period - Snap shot by James van Riemsdyk.
10:53 of 3rd period - Stopped by Kevin Lankinen with a rebound.
10:55 of 3rd period - Snap shot by James van Riemsdyk.
10:55 of 3rd period - Stopped by Kevin Lankinen without a rebound.
10:56 of 3rd period - Nathan MacKinnon wins face-off versus Leon Draisaitl in Flyers zone.
11:51 of 3rd period - Snap shot by Kyle Turris.
11:51 of 3rd period - Deflect By Zac Dalpe.
11:51 of 3rd period - Shot Blocked by Justin Schultz.
11:51 of 3rd period - Puck is out of play.
11:52 of 3rd period - Leon Draisaitl wins face-off versus Nathan MacKinnon in Flyers zone.
11:52 of 3rd period - Leon Draisaitl is hit by James van Riemsdyk.
12:02 of 3rd period - Snap shot by Patrick Kane.
12:02 of 3rd period - Deflect By Leon Draisaitl.
12:02 of 3rd period - Stopped by Mackenzie Blackwood with a rebound.
12:43 of 3rd period - Minor Penalty to Wayne Simmonds for Tripping.
12:44 of 3rd period - Leon Draisaitl wins face-off versus Zac Dalpe in Jets zone.
12:51 of 3rd period - Icing by Filip Forsberg.
12:52 of 3rd period - Leon Draisaitl wins face-off versus Zac Dalpe in Flyers zone.
13:01 of 3rd period - Slapshot by Kyle Turris.
13:01 of 3rd period - Goal by Kyle Turris - Jets : 2 - Flyers : 2.
13:02 of 3rd period - Zac Dalpe wins face-off versus Filip Forsberg in neutral zone.
13:05 of 3rd period - Slapshot by Brett Pesce.
13:05 of 3rd period - Shot Blocked by Aaron Ekblad.
13:31 of 3rd period - Josh Manson is hit by Aaron Ekblad.
14:43 of 3rd period - Penalty to Wayne Simmonds is over, Wayne Simmonds is back on ice.
15:05 of 3rd period - Nathan MacKinnon is hit by Kevin Fiala and loses puck.
16:02 of 3rd period - Patrick Kane is hit by Josh Manson and loses puck.
16:21 of 3rd period - Zac Dalpe is hit by Travis Konecny and loses puck.
16:27 of 3rd period - Off-side.
16:28 of 3rd period - Nathan MacKinnon wins face-off versus Scott Laughton in neutral zone.
16:41 of 3rd period - Justin Holl is hit by Troy Terry and loses puck.
17:06 of 3rd period - Slapshot by Kris Letang.
17:06 of 3rd period - Stopped by Kevin Lankinen with a rebound.
17:36 of 3rd period - Filip Forsberg is hit by Brett Pesce and loses puck.
18:15 of 3rd period - Minor Penalty to Travis Konecny for Interference.
18:16 of 3rd period - Scott Laughton wins face-off versus Nathan MacKinnon in Flyers zone.
19:08 of 3rd period - Zac Dalpe is hit by Leon Draisaitl and loses puck.
19:37 of 3rd period - Icing by Brett Pesce.
19:38 of 3rd period - Scott Laughton wins face-off versus Nathan MacKinnon in Jets zone.
Goals for this period are 1 for Jets vs 0 for Flyers.
Shots for this period are 10 for Jets vs 2 for Flyers.

Overtime #1


0:01 of 1st overtime period - Calle Jarnkrok wins face-off versus Nathan MacKinnon in neutral zone.
0:12 of 1st overtime period - Wrist shot by Calle Jarnkrok.
0:12 of 1st overtime period - Stopped by Mackenzie Blackwood with a rebound.
0:15 of 1st overtime period - Penalty to Travis Konecny is over, Travis Konecny is back on ice.
0:28 of 1st overtime period - Off-side.
0:29 of 1st overtime period - Leon Draisaitl wins face-off versus Daniel Sprong in neutral zone.
0:36 of 1st overtime period - Snap shot by Leon Draisaitl.
0:36 of 1st overtime period - Stopped by Mackenzie Blackwood with a rebound.
0:48 of 1st overtime period - Snap shot by Jake Debrusk.
0:48 of 1st overtime period - Stopped by Kevin Lankinen with a rebound.
0:50 of 1st overtime period - Snap shot by Brett Pesce.
0:50 of 1st overtime period - Shot Misses the Net.
0:52 of 1st overtime period - Slapshot by Brett Pesce.
0:52 of 1st overtime period - Shot Misses the Net.
0:56 of 1st overtime period - Snap shot by Jake Debrusk.
0:56 of 1st overtime period - Shot Misses the Net.
0:58 of 1st overtime period - Snap shot by Jake Debrusk.
0:58 of 1st overtime period - Stopped by Kevin Lankinen without a rebound.
0:59 of 1st overtime period - Nathan MacKinnon wins face-off versus Leon Draisaitl in Flyers zone.
1:00 of 1st overtime period - Snap shot by James van Riemsdyk.
1:00 of 1st overtime period - Goal by James van Riemsdyk - Jets : 3 - Flyers : 2.
Goals for this period are 1 for Jets vs 0 for Flyers.
Shots for this period are 3 for Jets vs 2 for Flyers. Output by the SimonT Hockey Simulator (STHS) for Alexandre Lamarre - Original Page W3C HTML5 Valid
Hockey Simulator - Hockey Simulation - Hockey Manager